 Dungeon Crawl Stone Soup version 0.24-a0-201-gf205589 (webtiles) character file.

Game seed: 18252903958591389070

34 Mgcat the Sneak (level 3, 0/16 HPs)
             Began as a Spriggan Enchanter on Mar 22, 2019.
             Slain by a worker ant (2 damage)
             ... on level 2 of the Dungeon.
             The game lasted 00:03:33 (1237 turns).

Mgcat the Sneak (Spriggan Enchanter)                Turns: 1237, Time: 00:03:34

Health: 0/16       AC:  2    Str:  4    XL:     3   Next: 14%
Magic:  1/8        EV: 18    Int: 17    God:
Gold:   34         SH:  0    Dex: 16    Spells: 5/8 levels left

rFire    . . .     SeeInvis +   a - +1 dagger
rCold    . . .     Gourm    .   (shield restricted)
rNeg     . . .     Faith    .   b - +0 robe
rPois    .         Spirit   .   (helmet restricted)
rElec    .         Reflect  .   (no cloak)
rCorr    .         Harm     .   (gloves unavailable)
MR       .....                  (boots unavailable)
Stlth    +++.......             (no amulet)
HPRegen  0.05/turn              (no ring)
MPRegen  0.11/turn              (no ring)

@: lethally poisoned (0 -> -14), very quick
A: very small, unfitting armour, see invisible, herbivore, speed 3, slow
metabolism 2
a: no special abilities


You were on level 2 of the Dungeon.
You were not hungry.

You visited 1 branch of the dungeon, and saw 2 of its levels.

You collected 34 gold pieces.

Inventory:

Hand Weapons
 a - a +1 dagger (weapon)
 h - a +0 dagger of pain
   (You took it off a hobgoblin on level 2 of the Dungeon)
Missiles
 e - 30 stones (quivered)
Armour
 b - a +0 robe (worn)
Potions
 f - a potion of lignification {unknown}
 g - a potion of heal wounds {unknown}
 i - a potion of might {unknown}
Comestibles
 d - 3 rations


   Skills:
 + Level 1.8 Short Blades
 - Level 3.0 Dodging
 + Level 4.9 Stealth
 + Level 3.2 Spellcasting
 + Level 4.0 Hexes
 + Level 0.4 Ice Magic


You had 5 spell levels left.
You knew the following spells:

 Your Spells              Type           Power        Failure   Level  Hunger
a - Corona                Hex            ###....      3%          1    None
b - Ensorcelled Hibernat  Hex/Ice        ##....       11%         2    ##.....

Your spell library contained the following spells:

 Spells                   Type           Power        Failure   Level  Hunger
 Confuse                  Hex            ###.....     10%         3    ###....
 Tukima's Dance           Hex            ###.....     10%         3    ###....
 Dazzling Spray           Conj/Hex       #.....       22%         3    ###....


Dungeon Overview and Level Annotations

Branches:
Dungeon (2/15)

Altars:
Gozag

Annotations:
D:2 Terence


Innate Abilities, Weirdness & Mutations

You are very small and have problems with some larger weapons.
You are too small for most types of armour.
You have supernaturally acute eyesight. (SInv)
You are a herbivore.
You cover ground extremely quickly.
You need to consume almost no food.


Message History

You kill the rat!
A dart slug comes into view.
An adder comes into view.
Spoiler Alert: The adder (wandering) is fast and can poison!
Found an escape hatch in the floor.
Lua error: [string "/dgldir/rcfiles/crawl-git/Mgcat.rc"]:926: invalid capture index Lua error: [string "/dgldir/rcfiles/crawl-git/Mgcat.rc"]:926: invalid capture index Lua error: [string "/dgldir/rcfiles/crawl-git/Mgcat.rc"]:926: invalid capture index Lua error: [string "/dgldir/rcfiles/crawl-git/Mgcat.rc"]:926: invalid capture index Health restored: 13 You start resting.
Magic restored.
You regained 2 mp, and now have 5/7 mp.
The adder is too close now for your liking.
Spoiler Alert: The adder (sleeping) is fast and can poison!
Casting: Ensorcelled Hibernation (safe; 12% risk of failure)
Confirm with . or Enter, or press ? or * to list all spells.
You can't see any susceptible monsters within range! (Use Z to cast anyway.) Lua error: [string "/dgldir/rcfiles/crawl-git/Mgcat.rc"]:926: invalid capture index Lua error: [string "/dgldir/rcfiles/crawl-git/Mgcat.rc"]:926: invalid capture index A worker ant comes into view.
Warning x2: The worker ant (sleeping) is fast and can poison!
The adder is fast and can poison!
The worker ant twitches its antennae in your direction.
Warning x2: The adder is fast and can poison!
The worker ant is fast and can poison!
Casting: Ensorcelled Hibernation (safe; 12% risk of failure)
Confirm with . or Enter, or press ? or * to list all spells.
Aiming: Ensorcelled Hibernation (safe; 12% risk of failure)
Press: ? - help, Shift-Dir - straight line, f - adder
Aim: an adder (chance to defeat MR: 50%)
The adder looks drowsy...
You now have 3/7 mp.
Warning x2: The adder (sleeping) is fast and can poison!
The worker ant is fast and can poison!
Lua error: [string "/dgldir/rcfiles/crawl-git/Mgcat.rc"]:926: invalid capture index The helpless adder fails to defend itself.
You impale the adder!!
You kill the adder!
You have reached level 3!
Your experience leads to an increase in your attributes!
Increase (S)trength, (I)ntelligence, or (D)exterity?
You feel clever.
Health restored: 16 Spoiler Alert: The worker ant is fast and can poison!
Casting: Ensorcelled Hibernation (safe; 11% risk of failure)
Confirm with . or Enter, or press ? or * to list all spells.
Aiming: Ensorcelled Hibernation (safe; 11% risk of failure)
Press: ? - help, Shift-Dir - straight line, f - worker ant
Aim: a worker ant (chance to defeat MR: 50%)
The worker ant resists with some effort.
The worker ant completely misses you.
You now have 1/8 mp.
Spoiler Alert: The worker ant is fast and can poison!
Casting: Ensorcelled Hibernation (safe; 11% risk of failure)
Confirm with . or Enter, or press ? or * to list all spells.
You don't have enough magic to cast that spell.
Unknown command.
You hit the worker ant but do no damage.
The worker ant misses you.
Spoiler Alert: The worker ant is fast and can poison!
You hit the worker ant but do no damage.
The worker ant completely misses you.
Casting: Ensorcelled Hibernation (safe; 11% risk of failure)
Confirm with . or Enter, or press ? or * to list all spells.
Aiming: Corona (safe; 3% risk of failure)
Press: ? - help, Shift-Dir - straight line, f/p - worker ant
Aim: a worker ant (chance to defeat MR: 62%)
The worker ant is outlined in light.
The worker ant completely misses you.
You now have 1/8 mp.
Spoiler Alert: The worker ant is fast and can poison!
You hit the worker ant but do no damage.
The worker ant closely misses you.
You barely miss the worker ant.
The worker ant bites you but does no damage.
You barely miss the worker ant. The worker ant closely misses you.
You barely miss the worker ant. The worker ant bites you.
You are poisoned.
The worker ant poisons you!
You take 2 damage, and have 14/16 hp.
Spoiler Alert: The worker ant is fast and can poison!
You hit the worker ant.
The worker ant is lightly wounded.
You feel sick. The worker ant completely misses you.
You take 1 damage, and have 13/16 hp.
You hit the worker ant but do no damage.
The worker ant is lightly wounded.
The worker ant bites you.
You are lethally poisoned!
The worker ant poisons you! The worker ant bites you.
* * * LOW HITPOINT WARNING * * *
You take 9 damage, and have 4/16 hp.
MASSIVE DAMAGE!!
Spoiler Alert: The worker ant is fast and can poison!
You hit the worker ant.
The worker ant is lightly wounded.
* * * LOW HITPOINT WARNING * * *
You feel sick. The worker ant barely misses you.
You take 1 damage, and have 3/16 hp.
You hit the worker ant.
The worker ant is moderately wounded.
* * * LOW HITPOINT WARNING * * *
You feel sick.
The worker ant stops glowing.
The worker ant bites you.
You die...

### ..# ..# #.# ..# #.#
#a# #@# ##.# ######..#
........################
#######>................
#.....################
#.##..# #..# #..#


You could see a worker ant.

Vanquished Creatures
  An adder (D:2)
  A dart slug (D:2)
  3 bats (D:1)
  2 giant cockroaches
  2 goblins (D:1)
  5 hobgoblins
  3 kobolds (D:1)
  6 rats
23 creatures vanquished.

Notes
Turn   | Place    | Note
-------+----------+-------------------------------------------
     0 | D:1      | Mgcat the Spriggan Enchanter began the quest for the Orb.
     0 | D:1      | Reached XP level 1. HP: 9/9 MP: 5/5
   286 | D:1      | Reached skill level 3 in Spellcasting
   286 | D:1      | Reached XP level 2. HP: 13/13 MP: 7/7
   290 | D:1      | Learned a level 2 spell: Ensorcelled Hibernation
   892 | D:2      | Found an opulent altar of Gozag.
   940 | D:2      | Noticed Terence
  1176 | D:2      | Reached skill level 4 in Hexes
  1225 | D:2      | Reached XP level 3. HP: 16/16 MP: 3/8
  1235 | D:2      | HP: 4/16 [worker ant (4)]
  1237 | D:2      | Slain by a worker ant

Levels and vault maps discovered:
D:1:      lightli_arrival_boilingwater, layout_loops_cross
D:2:      minmay_wonky_spiral, layout_basic, first_ration,
          nicolae_gozag_seed_capital, uniq_terence

Skill      XL: |  1  2 |
---------------+-------+-----
Spellcasting   | 3 |  3.2
Hexes          | 4 |  4.0
Short Blades   | |  1.8
Dodging        | |  3.0
Stealth        | |  4.9
Ice Magic      | |  0.4

Action                   || total
-------------------------++-------
Melee: Dagger            ||    88
 Cast: Corona            ||    11
       Ensorcelled Hiber ||    17
  Use: Scroll            ||     4
 Stab: Sleeping          ||     9
Armor: Robe              ||     8
Dodge: Dodged            ||    79

Table legend:
 A = Non-vault XP
 B = Vault XP
 C = Vault XP percentage of total XP
 D = Non-vault monster count
 E = Vault monster count
 F = Vault count percentage of total count
                 A         B        C        D         E       F
            +---------+---------+-------+---------+---------+-------
      Total |      36 |      13 |  26.5 |      22 |       1 |   4.3
            +---------+---------+-------+---------+---------+-------
        D:1 |      23 |       0 |   0.0 |      16 |       0 |   0.0
        D:2 |      13 |      13 |  50.0 |       6 |       1 |  14.3
            +---------+---------+-------+---------+---------+-------

Levels and vault maps discovered:
D:1:      lightli_arrival_boilingwater, layout_loops_cross
D:2:      minmay_wonky_spiral, layout_basic, first_ration,
          nicolae_gozag_seed_capital, uniq_terence

Table legend:
 A = Turns spent in this place as a percentage of turns spent in the entire game.
 B = Non-inter-level travel turns spent in this place as a percentage of non-inter-level travel turns spent in the entire game.
 C = Inter-level travel turns spent in this place as a percentage of turns spent in this place.
 D = Turns resting spent in this place as a percentage of non-inter-level travel turns spent in this place.
 E = Turns spent auto-exploring this place as a percentage of non-inter-level travel turns spent in this place.
 F = Non-inter-level travel turns spent in this place divided by the number of levels of this place that you've seen.
                   A       B       C       D       E      F
               +-------+-------+-------+-------+-------+----------------------
         Total | 100.0 | 100.0 |   0.4 |  10.1 |  64.6 | 616.0
       Dungeon | 100.0 | 100.0 |   0.4 |  10.1 |  64.6 | 616.0
               +-------+-------+-------+-------+-------+----------------------

Table legend:
 A = Kills in this place as a percentage of kills in entire the game.
 B = Kills by you in this place as a percentage of kills by you in the entire game.
 C = Kills by friends in this place as a percentage of kills by friends in the entire game.
 D = Other kills in this place as a percentage of other kills in the entire game.
 E = Experience gained in this place as a percentage of experience gained in the entire game.
 F = Experience gained in this place divided by the number of levels of this place that you have seen.
                   A       B       C       D       E      F
               +-------+-------+-------+-------+-------+----------------------
         Total | 100.0 | 100.0 |   N/A |   N/A | 100.0 |  24.5
       Dungeon | 100.0 | 100.0 |   N/A |   N/A | 100.0 |  24.5
               +-------+-------+-------+-------+-------+----------------------
